 Dungeon Crawl Stone Soup version 0.31.0-9-g3a7656b989 (webtiles) character file.

Game seed: 16178341804460167951

49 qw the Shooter (level 3, -2/20 HPs)
             Began as a Deep Elf Hunter on Feb 2, 2024.
             Asphyxiated
             ... in a sewer.
             The game lasted 00:00:04 (1806 turns).

qw the Shooter (Deep Elf Hunter)                    Turns: 1806, Time: 00:00:05

Health: -2/20      AC:  3    Str: 10    XL:     3   Next: 53%
Magic:  5/5        EV: 12    Int: 13    God:
Gold:   44         SH:  0    Dex: 18    Spells: 2/2 levels left

rFire   . . .        a - +1 shortbow
rCold   . . .        (shield currently unavailable)
rNeg    . . .        c - +0 leather armour
rPois   .            (no helmet)
rElec   .            (no cloak)
rCorr   .            (no gloves)
SInv    .            (no boots)
Will    .....        (no amulet)
Stlth   ++           (no ring)
HPRegen 0.23/turn    (no ring)
MPRegen 0.09/turn

%: no passive effects
@: lethally poisoned (-2 -> -7), slowed, very slow
A: no striking features
a: no special abilities


You were in a sewer.
You visited 1 branch of the dungeon, and saw 3 of its levels.
You also visited: Sewer.

You collected 44 gold pieces.


   Skills:
 - Level 1.5 Fighting
 + Level 7.1 Ranged Weapons
 - Level 2.4 Dodging
 - Level 1.2 Stealth


You had 2 spell levels left.
You didn't know any spells.
Your spell library was empty.

Inventory:

Hand Weapons
 a - a +1 shortbow (weapon)
Armour
 c - a +0 leather armour (worn)
Wands
 g - a wand of digging (5)
Potions
 d - a potion of enlightenment
 e - a potion of lignification {unknown}
 h - a potion of haste
 i - a potion of curing {unknown}
 j - a potion of resistance {unknown}

Dungeon Overview and Level Annotations

Branches:
Dungeon (3/15)              Sewer (1/1)

Altars:


Message History

The curare-tipped dart hits you.
You are poisoned.
You have difficulty breathing.
You feel yourself slow down.
You shoot an arrow. The endoplasm quivers.
The arrow hits the kobold brigand!
The kobold brigand is moderately wounded.
You feel very sick.
You shoot an arrow. The arrow hits the kobold brigand.
The kobold brigand is moderately wounded.
You feel very sick.
You shoot an arrow.
The arrow hits the kobold brigand but does no damage.
The kobold brigand is moderately wounded.
You feel sick.
You shoot an arrow.
The arrow closely misses the kobold brigand.
Your extra speed is starting to run out.
You feel sick.
The kobold brigand throws a curare-tipped dart.
The curare-tipped dart closely misses you.
You shoot an arrow. The arrow hits the endoplasm.
The endoplasm is almost dead.
You feel sick.
You shoot an arrow. The arrow hits the endoplasm.
You kill the endoplasm!
You feel sick.
You shoot an arrow. The arrow hits the kobold brigand!
The kobold brigand is heavily wounded.
You feel sick.
You shoot an arrow.
The arrow hits the kobold brigand but does no damage.
The kobold brigand is heavily wounded.
You feel yourself slow down.
You feel sick.
The kobold brigand throws a curare-tipped dart.
The curare-tipped dart hits you.
You are lethally poisoned!
You have difficulty breathing.
You die...

#. .# #~ ~# #~
~# ~#~ ~~K #.
#~# #. #.#
#.###@#
#~~~~~#
##~~.## #~~~#
#.~.# #~~.##
#~ #.~.~## #..
#..~.~#####.~~
##~~~.~~~....~


You could see a kobold brigand.

Vanquished Creatures
  A dart slug (D:1)
  A ribbon worm (D:3)
  4 endoplasms
  2 giant cockroaches (D:1)
  4 goblins
  2 hobgoblins
  3 quokkas
  4 ball pythons
  5 bats
  2 frilled lizards
  9 kobolds
  6 rats
43 creatures vanquished.

Notes
Turn   | Place    | Note
-------+----------+-------------------------------------------
     0 | D:1      | qw the Deep Elf Hunter began the quest for the Orb.
     0 | D:1      | Reached XP level 1. HP: 12/12 MP: 3/3
     0 | D:1      | 0 ||| qw: Version: 0.3-a-155-g5e7d8dd
     0 | D:1      | 0 ||| qw: Game counter: 1097
     0 | D:1      | 0 ||| qw: Melee chars always use a shield: true
     0 | D:1      | 0 ||| qw: God list: Okawaru
     0 | D:1      | 0 ||| qw: Allow faded altars: false
     0 | D:1      | 0 ||| qw: Do Orc after clearing Dungeon:15 true
     0 | D:1      | 0 ||| qw: Do second Lair branch before Depths: true
     0 | D:1      | 0 ||| qw: Lair rune preference: random
     0 | D:1      | 0 ||| qw: Goals: Normal
     0 | D:1      | 0 ||| PLANNING D:1-11
   219 | D:1      | Reached skill level 6 in Ranged Weapons
   219 | D:1      | Reached XP level 2. HP: 16/16 MP: 4/4
   772 | D:1      | 772 ||| READING scroll labelled ZAEFRU HUSU.
   773 | D:1      | 773 ||| DROPPING scroll of butterflies.
   797 | D:2      | Reached XP level 3. HP: 20/20 MP: 5/5
  1316 | D:2      | 1316 ||| READING scroll labelled ABADGHU JYSAFF.
  1316 | D:2      | 1316 ||| ENCHANTING +0 shortbow.
  1317 | D:2      | 1317 ||| READING scroll labelled PUCSURHIJI.
  1418 | D:2      | 1418 ||| READING scroll labelled AMEJOE OMNIRR.
  1419 | D:2      | 1419 ||| DRINKING 2 glowing orange potions.
  1420 | D:2      | 1420 ||| DRINKING 2 metallic white potions.
  1421 | D:2      | 1421 ||| DROPPING potion of attraction.
  1439 | D:3      | 1439 ||| PLANNING SEWER
  1487 | D:3      | Reached skill level 7 in Ranged Weapons
  1632 | D:3      | Found a glowing drain.
  1633 | D:3      | 1633 ||| READING scroll labelled ILUT BELUCVUCK.
  1734 | D:3      | 1734 ||| READING scroll labelled YRURIYFRAZ.
  1772 | D:3      | 1772 ||| DRINKING 2 white potions.
  1776 | Sewer    | Entered a sewer
  1797 | Sewer    | Noticed a kobold brigand
  1805 | Sewer    | HP: 5/20 [poisoned by a kobold brigand (curare-tipped
                  | dart)]
  1806 | Sewer    | Asphyxiated

Levels and vault maps discovered:
D:1:      minmay_arrival_widening_spiral_wide, layout_basic
D:2:      layout_basic, corexii_leaking_fountain
D:3:      layout_loops_ring, grunt_temple_overflow_open, serial_forest,
          infiniplex_forest_lined_room_, infiniplex_forest_clump_medium,
          infiniplex_forest_straight_2, infiniplex_forest_clump_long,
          infiniplex_forest_lined_room_, infiniplex_forest_lined_3,
          infiniplex_forest_end_3, gup_sewer_entry_bowl, eino_tiny_chamber
Sewer:    sewer_co_tree

Skill      XL: |  1  2  3 |
---------------+----------+-----
Ranged Weapons | 6 7 |  7.1
Fighting       | |  1.5
Dodging        | |  2.4
Stealth        | |  1.2

Action                     || total
---------------------------++-------
   Fire: Shortbow          ||    97
    Use: Scroll            ||     6
         Potion            ||     3
 Armour: Leather armour    ||    11
  Dodge: Dodged            ||     9

Table legend:
 A = Non-vault XP
 B = Vault XP
 C = Vault XP percentage of total XP
 D = Non-vault monster count
 E = Vault monster count
 F = Vault count percentage of total count
                 A         B        C        D         E       F
            +---------+---------+-------+---------+---------+-------
      Total |      65 |       6 |   8.5 |      39 |       4 |   9.3
            +---------+---------+-------+---------+---------+-------
        D:1 |      39 |       0 |   0.0 |      23 |       0 |   0.0
        D:2 |      16 |       0 |   0.0 |      11 |       0 |   0.0
        D:3 |      10 |       4 |  28.6 |       5 |       3 |  37.5
      Sewer |       0 |       2 | 100.0 |       0 |       1 | 100.0
            +---------+---------+-------+---------+---------+-------
